 Dungeon Crawl Stone Soup version 0.32-a0-913-g739538afd8 (webtiles) character file.

Game seed: 13914081024497343461

11017 pokeman the Eclecticist (level 11, -9/61 HPs)
             Began as a Deep Elf Hedge Wizard on Apr 10, 2024.
             Was an Elder of Vehumet.
             Mangled by an ice devil (20 damage)
             ... in an ice cave.
             The game lasted 00:31:34 (12580 turns).

pokeman the Eclecticist (Deep Elf Hedge Wizard)    Turns: 12580, Time: 00:31:35

Health: -9/61      AC: 17    Str:  7    XL:     11   Next: 43%
Magic:  21/32      EV: 16    Int: 24    God:    Vehumet [****..]
Gold:   439        SH:  5    Dex: 14    Spells: 8/40 levels left

rFire   . . .        x - +8 whip of the Thoughtful Dances {flame, Stlth+}
rCold   . . .        (no shield)
rNeg    . . .        J - +3 leather armour {Will+}
rPois   .            a - +2 helmet
rElec   .            C - +0 cloak
rCorr   .            (no gloves)
SInv    .            P - +1 pair of boots
Will    ++...        B - amulet of reflection
Stlth   +++          i - +4 ring of protection
HPRegen 0.30/turn    D - +5 ring of evasion
MPRegen 0.23/turn

%: reflection
@: no status effects
A: no striking features
a: Renounce Religion


You were in an ice cave.
You worshipped Vehumet.
Vehumet was greatly pleased with you.
You visited 1 branch of the dungeon, and saw 11 of its levels.
You also visited: Ice Cave.

You collected 517 gold pieces.
You spent 78 gold pieces at shops.

Inventory:

Hand Weapons
 x - the +8 whip of the Thoughtful Dances (weapon) {flame, Stlth+}
   (You found it on level 2 of the Dungeon)

   Stlth+:    It makes you more stealthy.
Missiles
 I - 5 throwing nets
 S - a curare-tipped dart
Armour
 a - a +2 helmet (worn)
 C - a +0 cloak (worn)
 J - a +3 leather armour of willpower (worn)
 P - a +1 pair of boots (worn)
Magical Staves
 G - a staff of alchemy
 H - a staff of earth
Jewellery
 i - a +4 ring of protection (left hand)
 l - a ring of resist corrosion
 m - a ring of willpower
 B - an amulet of reflection (around neck)
 D - a +5 ring of evasion (right hand)
 K - a ring of see invisible
 R - an amulet of the acrobat
Wands
 A - a wand of mindburst (29)
 L - a wand of quicksilver (8)
 T - a wand of polymorph (11)
 V - a wand of flame (19)
 W - a wand of charming (2)
Scrolls
 b - 2 scrolls of noise
 c - 2 scrolls of blinking
 f - 6 scrolls of teleportation
 g - a scroll of enchant weapon
 k - 3 scrolls of vulnerability
 n - 3 scrolls of enchant armour
 o - a scroll of identify
 q - 2 scrolls of revelation
 t - 2 scrolls of silence
 u - a scroll of amnesia {unknown}
 v - 2 scrolls of summoning {unknown}
 w - 2 scrolls of brand weapon {unknown}
 y - 6 scrolls of poison {unknown}
 E - a scroll of acquirement {unknown}
 M - a scroll of fog {unknown}
 N - a scroll of torment {unknown}
 U - a scroll of fear {unknown}
Potions
 d - a potion of magic
 e - 2 potions of haste {unknown}
 h - 2 potions of degeneration {unknown}
 j - 2 potions of lignification {unknown}
 p - 3 potions of brilliance {unknown}
 r - 4 potions of attraction {unknown}
 s - a potion of mutation {unknown}
 z - 5 potions of curing
 F - 2 potions of heal wounds {unknown}
 O - 2 potions of might {unknown}
 Q - a potion of invisibility {unknown}
 X - a potion of cancellation {unknown}


   Skills:
 - Level 4.0 Fighting
 + Level 5.1 Armour
 - Level 3.0 Dodging
 - Level 3.0 Stealth
 * Level 15.4 Spellcasting
 + Level 9.0 Conjurations
 - Level 1.1 Summonings
 - Level 1.1 Translocations
 + Level 7.1 Ice Magic
 - Level 1.0 Air Magic
 - Level 4.0 Earth Magic
 - Level 1.0 Alchemy
 - Level 1.0 Evocations


You had 8 spell levels left.
You knew the following spells:

 Your Spells              Type           Power      Damage    Failure   Level
a - Magic Dart            Conj           100%       1d8       1%          1
b - Mephitic Cloud        Conj/Alch/Air  36%        N/A       1%          3
c - Call Imp              Summ           46%        N/A       4%          2
d - Blink                 Tloc           46%        N/A       4%          2
e - Freezing Cloud        Conj/Ice/Air   23%        6-21      3%          5
f - Iskenderun's Battles  Conj           58%        2d11      1%          5
g - Orb of Destruction    Conj           29%        9d9       22%         7
h - Ozocubu's Refrigerat  Ice            26%        4d13      41%         7

Your spell library contained the following spells:

 Spells                   Type           Power      Damage    Failure   Level
 Frozen Ramparts          Ice            100%       1d16      1%          3
 Mercury Vapours          Alch/Air       46%        N/A       1%          2
 Dazzling Flash           Conj/Hex       80%        N/A       1%          3
 Brom's Barrelling Bould  Conj/Erth      49%        2d7       1%          4
 Apportation              Tloc           46%        N/A       2%          1
 Slow                     Hex            72%        N/A       4%          1
 Cigotuvi's Dreadful Rot  Necr/Alch/Air  42%        N/A       4%          2
 Arcjolt                  Conj/Air       21%        1d31      4%          5
 Fireball                 Conj/Fire      20%        3d10      5%          5
 Jinxbite                 Hex            36%        N/A       6%          2
 Olgreb's Toxic Radiance  Alch           23%        N/A       8%          4
 Maxwell's Portable Pile  Tloc           23%        2d(7-20)  9%          3
 Sigil of Binding         Hex            18%        N/A       13%         3
 Conjure Ball Lightning   Conj/Air       21%        3x3d6     21%         6
 Yara's Violent Unravell  Hex/Alch       10%        3d6       24%         5
 Starburst                Conj/Fire      20%        6d7       26%         6
 Alistair's Intoxication  Alch           15%        N/A       61%         5
 Sculpt Simulacrum        Ice/Alch       19%        N/A       77%         6
 Death Channel            Necr           9%         N/A       100%        6
 Enfeeble                 Hex            9%         N/A       100%        7
 Discord                  Hex            9%         N/A       100%        8
 Maxwell's Capacitive Co  Air            11%        ∞         100%        8


Dungeon Overview and Level Annotations

Branches:
Dungeon (11/15)            Temple (0/1) D:7            Lair (0/5) D:8
    Orc (0/2) D:11          IceCv (1/1)

Altars:
Cheibriados
Dithmenos
Elyvilon
Fedhas
Gozag
Hepliaklqana
Kikubaaqudgha
Okawaru
Ru
Sif Muna
Trog
Vehumet
Wu Jian
Xom
Yredelemnul
The Shining One

Shops:
D:1 (   D:3 [:*(   D:6 [   D:8 ([(


Message History

Aiming: Magic Dart (safe; 1% risk of failure)
Press: ? - help, Shift-Dir - straight line, f/p - ice devil
Aim: an ice devil (lightly wounded, 100% to hit)
The magic dart hits the ice devil.
The ice devil is moderately wounded.
Your battlesphere fires!
The barrage of energy hits the ice devil.
The ice devil is lightly wounded.
You block the ice devil's attack.
Casting: Magic Dart (safe; 1% risk of failure)
Confirm with . or Enter, or press ? or * to list all spells.
Aiming: Magic Dart (safe; 1% risk of failure)
Press: ? - help, Shift-Dir - straight line, f/p - ice devil
Aim: an ice devil (moderately wounded, 100% to hit)
The magic dart hits the ice devil but does no damage.
The ice devil is moderately wounded.
Your battlesphere fires!
The barrage of energy hits the ice devil.
The ice devil is lightly wounded.
The ice devil barely misses you.
Casting: Magic Dart (safe; 1% risk of failure)
Confirm with . or Enter, or press ? or * to list all spells.
Aiming: Magic Dart (safe; 1% risk of failure)
Press: ? - help, Shift-Dir - straight line, f/p - ice devil
Aim: an ice devil (moderately wounded, 100% to hit)
The magic dart hits the ice devil but does no damage.
The ice devil is moderately wounded.
Your battlesphere fires!
The barrage of energy hits the ice devil!
The ice devil is moderately wounded.
The ice devil hits you. The ice devil freezes you!! The ice devil hits you!
The ice devil freezes you!
The ice devil attacks as it pursues you!
You block the ice devil's attack. The ice devil closely misses you.
The ice devil attacks as it pursues you!
The ice devil hits you!
* * * LOW HITPOINT WARNING * * *
The ice devil freezes you!!
You die...

#.......##....
##.....####..#
#......# ##.§
##....## ##§.
### #...##
#.§§ ##.##
##..## ###.
#...## #..##
##
#.44*####..#
#..#@..#...#
#..##.....##
##.###...##
#.. ##### .
##.. ... #...
#...


You could see 2 ice devils and a friendly battlesphere.

Vanquished Creatures
  Amaemon (D:8)
  An ugly thing (IceCv)
  A gargoyle (D:10)
  Maggie (D:8)
  An orange demon (D:8)
  A freezing wraith (IceCv)
  Grinder (D:5)
  Sigmund (D:5)
  A dire elephant simulacrum (IceCv)
  2 wraiths
  22 yaks
  A wyvern (D:9)
  Menkaure (D:5)
  2 acid dragons
  Duvessa (D:5)
  A sky beast (D:8)
  8 orc warriors
  A black bear (D:8)
  2 ogres (D:6)
  3 centaurs
  A phantom (D:5)
  4 kobold brigands
  3 bullfrogs
  Blork the orc (D:5)
  A cane toad simulacrum (IceCv)
  3 two-headed ogre simulacra
  2 scorpions
  3 wights (D:9)
  Dowan (D:5)
  3 killer bees (D:9)
  4 elephant simulacra (IceCv)
  8 howler monkeys
  A bombardier beetle (D:5)
  4 jellies
  4 orc priests
  2 gnoll boudas
  3 hounds
  2 iguanas
  A sleepcap (D:7)
  9 orc wizards
  2 polar bear simulacra (IceCv)
  A spriggan simulacrum (IceCv)
  A troll simulacrum (IceCv)
  2 wolf simulacra (IceCv)
  Robin (D:3)
  10 adders
  14 gnolls
  A naga simulacrum (IceCv)
  A shadow imp (D:8)
  2 white imps
  2 ufetubi (D:5)
  4 ribbon worms
  A dart slug (D:2)
  33 orcs
  6 ball pythons
  3 endoplasms
  2 giant cockroaches
  11 goblins
  6 hobgoblins
  4 jackals (D:4)
  5 quokkas
  3 training dummies (D:8)
  7 bats
  19 kobolds
  5 rats
259 creatures vanquished.

Vanquished Creatures (collateral kills)
  2 killer bees (D:9)
  An orc (D:5)
3 creatures vanquished.

Grand Total: 262 creatures vanquished

Notes
Turn   | Place    | Note
-------+----------+-------------------------------------------
     0 | D:1      | pokeman the Deep Elf Hedge Wizard began the quest for the
                  | Orb.
     0 | D:1      | Reached XP level 1. HP: 10/10 MP: 7/7
   167 | D:1      | Found Laigohuo's Antique Weapon Shoppe.
   416 | D:1      | Reached XP level 2. HP: 15/15 MP: 4/9
   739 | D:2      | Reached skill level 5 in Spellcasting
   929 | D:2      | Reached XP level 3. HP: 20/20 MP: 3/11
   933 | D:2      | Learned a level 3 spell: Mephitic Cloud
   936 | D:2      | Learned a level 2 spell: Call Imp
   939 | D:2      | Learned a level 2 spell: Blink
   986 | D:2      | Reached skill level 1 in Armour
  1194 | D:2      | Reached skill level 1 in Fighting
  1561 | D:2      | Reached XP level 4. HP: 23/25 MP: 9/13
  1836 | D:2      | Identified the +8 whip of the Thoughtful Dances {flame,
                  | Stlth+}
  2029 | D:3      | Found Yraligyc's Weapon Emporium.
  2328 | D:3      | Found Iroehax's Antique Armour Shoppe.
  2352 | D:3      | Found Baapaj's General Store.
  2367 | D:3      | Reached skill level 6 in Spellcasting
  2367 | D:3      | Reached XP level 5. HP: 26/29 MP: 9/15
  2467 | D:3      | Found Nufumeem's Book Shop.
  2480 | D:3      | Noticed Robin
  2491 | D:3      | Killed Robin
  2932 | D:3      | Bought a scroll of teleportation for 39 gold pieces
  2932 | D:3      | Bought a potion of curing for 39 gold pieces
  3115 | D:4      | Reached skill level 1 in Air Magic
  3115 | D:4      | Reached skill level 1 in Alchemy
  3327 | D:4      | Reached XP level 6. HP: 34/34 MP: 10/17
  3887 | D:4      | Reached skill level 7 in Spellcasting
  4087 | D:5      | Entered Level 5 of the Dungeon
  4108 | D:5      | Reached skill level 1 in Evocations
  4205 | D:5      | Noticed Menkaure
  4210 | D:5      | Noticed Sigmund
  4211 | D:5      | Noticed Blork the orc
  4215 | D:5      | Killed Menkaure
  4216 | D:5      | Reached skill level 1 in Earth Magic
  4220 | D:5      | Killed Sigmund
  4221 | D:5      | Reached skill level 8 in Spellcasting
  4221 | D:5      | Reached XP level 7. HP: 28/40 MP: 8/20
  4225 | D:5      | Killed Blork the orc
  4425 | D:5      | Noticed Grinder
  4438 | D:5      | Killed Grinder
  4439 | D:5      | Reached skill level 9 in Spellcasting
  4439 | D:5      | Reached XP level 8. HP: 44/44 MP: 12/23
  4652 | D:5      | Noticed Dowan
  4661 | D:5      | Killed Dowan
  4666 | D:5      | Noticed Duvessa
  4720 | D:5      | Killed Duvessa
  4850 | D:5      | Found an opulent altar of Gozag.
  4850 | D:5      | Found an ancient bone altar of Kikubaaqudgha.
  4854 | D:5      | Found a glowing golden altar of the Shining One.
  4855 | D:5      | Found a white marble altar of Elyvilon.
  4859 | D:5      | Found a blossoming altar of Fedhas.
  4860 | D:5      | Found a shimmering blue altar of Sif Muna.
  4890 | D:5      | Found a radiant altar of Vehumet.
  4893 | D:5      | Found a bloodstained altar of Trog.
  4896 | D:5      | Became a worshipper of Vehumet
  5161 | D:5      | Found a snail-covered altar of Cheibriados.
  5277 | D:5      | Reached skill level 5 in Conjurations
  5621 | D:6      | Learned a level 5 spell: Freezing Cloud
  5728 | D:6      | Reached skill level 10 in Spellcasting
  5781 | D:6      | Reached skill level 1 in Ice Magic
  5928 | D:6      | Found an iron altar of Okawaru.
  6043 | D:6      | Reached * piety under Vehumet
  6043 | D:6      | Offered knowledge of Shock by Vehumet.
  6115 | D:6      | Found a basalt altar of Yredelemnul.
  6171 | D:6      | Found Wettofa Vaoh's Armour Shoppe.
  6187 | D:6      | Reached XP level 9. HP: 48/48 MP: 14/25
  6771 | D:7      | Reached skill level 11 in Spellcasting
  7224 | D:7      | Found a staircase to the Ecumenical Temple.
  7327 | D:7      | Found a hazy altar of Hepliaklqana.
  7740 | D:8      | Noticed Maggie
  7761 | D:8      | Killed Maggie
  7766 | D:8      | Reached skill level 12 in Spellcasting
  7782 | D:8      | Offered knowledge of Scorch by Vehumet.
  7784 | D:8      | Reached ** piety under Vehumet
  7785 | D:8      | Reached XP level 10. HP: 40/56 MP: 19/28
  7850 | D:8      | Found Duuness's Firing Range.
  8030 | D:8      | Noticed an orange demon
  8057 | D:8      | Killed an orange demon
  8181 | D:8      | Found a shadowy altar of Dithmenos.
  8182 | D:8      | Noticed Amaemon
  8200 | D:8      | Killed Amaemon
  8201 | D:8      | Reached skill level 13 in Spellcasting
  8201 | D:8      | Reached skill level 5 in Ice Magic
  8251 | D:8      | Found a shimmering altar of Xom.
  8521 | D:8      | Found Lyirgh's Antique Weapon Emporium.
  8527 | D:8      | Identified the +2 leather armour "Ecygg" {-Tele Dex+5}
  8738 | D:8      | Found a sacrificial altar of Ru.
  8900 | D:8      | Found Puofou Ergha's Antique Armour Emporium.
  9115 | D:8      | Found a staircase to the Lair.
  9422 | D:9      | Offered knowledge of Searing Ray by Vehumet.
  9577 | D:9      | Learned a level 5 spell: Iskenderun's Battlesphere
  9585 | D:9      | Learned a level 7 spell: Orb of Destruction
  9771 | D:9      | Reached skill level 14 in Spellcasting
  9865 | D:9      | Found an ornate altar of the Wu Jian Council.
  9908 | D:9      | Reached *** piety under Vehumet
 10528 | D:10     | Entered Level 10 of the Dungeon
 10544 | D:10     | Noticed a gargoyle
 10553 | D:10     | Killed a gargoyle
 10650 | D:10     | Learned a level 7 spell: Ozocubu's Refrigeration
 10771 | D:10     | Reached XP level 11. HP: 36/61 MP: 19/31
 10809 | D:10     | Offered knowledge of Frozen Ramparts by Vehumet.
 11527 | D:11     | Noticed a boulder beetle
 11632 | D:11     | Found a frozen archway.
 11639 | D:11     | Reached skill level 15 in Spellcasting
 11726 | IceCv    | Entered an ice cave
 11927 | IceCv    | Noticed a white ugly thing
 12099 | IceCv    | Killed a white ugly thing
 12161 | IceCv    | Reached skill level 5 in Armour
 12161 | IceCv    | Reached **** piety under Vehumet
 12580 | IceCv    | Mangled by an ice devil

Illustrated notes

Levels and vault maps discovered:
D:1:      ldierk_walled_garden, layout_rooms, serial_shops, shop, minmay_tripent
D:2:      minmay_recursive_quarters, layout_basic
D:3:      layout_loops_ring, serial_shops, nicolae_shop_real_fake_doors, shop,
          nicolae_shop_window_shopping, nicolae_shop_waterfront,
          chequers_serial_rivers_room_b, uniq_robin
D:4:      wander_river, layout_loops_ring
D:5:      layout_loops_cross, lemuel_coloured_pillars_altar,
          nicolae_overflow_hallway_of_the_gods,
          serial_library_hellmonk_small_corner, nicolae_the_louvre,
          uniq_grinder, uniq_sigmund, uniq_menkaure, uniq_duvessa,
          uniq_blork_the_orc
D:6:      layout_basic, okawaru_metal_pillars_1_2,
          mainiacjoe_overflow_six_doors_small, serial_shops, shop_statue
D:7:      layout_loops_ring, mainiacjoe_overflow_tiny_flanked,
          minmay_temple_entry_gardened_gates, kennysheep_cluttered_room
D:8:      layout_basic, nicolae_ru_awakened_eye,
          mainiacjoe_overflow_small_starburst, xom_teletrap_fun,
          lair_entry_dummy, serial_shops, shop, nicolae_shop_window_shopping,
          nicolae_shop_firing_range, uniq_amaemon, uniq_maggie
D:9:      layout_loops_corners, nicolae_wu_jian_wuxing_cycle
D:10:     layout_stronghold
D:11:     layout_gridville, minmay_orc_entry_temple_small,
          portal_ice_cave_entry_ice_simulacra
IceCv:    ice_cave_small_necro

Skill      XL: |  1  2  3  4  5  6  7  8  9 10 11 |
---------------+----------------------------------+-----
Spellcasting   | 5 6 8 9 10 12 14 15 | 15.4
Armour         | 1 3 4 5 |  5.1
Conjurations   | 2 3 4 5 7 8 9 |  9.0
Fighting       | 1 2 3 4 |  4.0
Dodging        | 3 |  3.0
Stealth        | 3 |  3.0
Air Magic      | 1 |  1.0
Alchemy        | 1 |  1.0
Evocations     | 1 |  1.0
Earth Magic    | 1 2 4 |  4.0
Ice Magic      | 2 4 6 7 |  7.1
Summonings     | |  1.1
Translocations | |  1.1

Action                     |  1- 3 |  4- 6 |  7- 9 | 10-12 || total
---------------------------+-------+-------+-------+-------++-------
  Melee: Dagger            |    20 |     1 |       |       ||    21
         Whip              |       |    42 |   140 |    96 ||   278
   Cast: Magic Dart        |    76 |   121 |   154 |   207 ||   558
         Mephitic Cloud    |     1 |     8 |    31 |    24 ||    64
         Call Imp          |     1 |       |     6 |     2 ||     9
         Iskenderun's Batt |       |       |       |    24 ||    24
         Freezing Cloud    |       |       |       |    10 ||    10
         Blink             |       |       |       |     4 ||     4
    Use: Scroll            |       |       |       |     8 ||     8
   Stab: Confused          |       |       |    18 |    14 ||    32
         Held in net/web   |       |       |     2 |       ||     2
 Armour: Robe              |    24 |    23 |    12 |       ||    59
         Leather armour    |       |       |    42 |    88 ||   130
  Dodge: Dodged            |    23 |    34 |    70 |   105 ||   232
  Block: Other             |       |     5 |    29 |    26 ||    60
         Reflection        |       |       |     2 |     1 ||     3

Table legend: (Time is in decaauts)
 A = Elapsed time spent in this place.
 B = Non-inter-level travel time spent in this place.
 C = Inter-level travel time spent in this place.
 D = Time resting spent in this place.
 E = Time spent auto-exploring this place.
 F = Levels seen in this place.
 G = Mean time per level.
                   A        B        C        D        E       F      G
               +--------+--------+--------+--------+--------+-----+--------+
         Total |  12644 |  12349 |    295 |   1006 |   9277 |  12 | 1053.7 |
       Dungeon |  11790 |  11495 |    295 |    352 |   9263 |  11 | 1071.8 |
      Ice Cave |    853 |    853 |      0 |    654 |     14 |   1 |  853.0 |
               +--------+--------+--------+--------+--------+-----+--------+

Top non-repeatable levels by time:
     D:8: 1896 daAuts
     D:5: 1449 daAuts
     D:2: 1411 daAuts
     D:9: 1166 daAuts
     D:3: 1075 daAuts
     D:6: 1037 daAuts
     D:4: 1020 daAuts
    D:10: 1012 daAuts
     D:7: 916 daAuts
   IceCv: 853 daAuts
     D:1: 614 daAuts
    D:11: 190 daAuts
